[Event "Turkey IS Bank Super League 2017"]
[Site "Darica-Kocaeli"]
[Date "2017.07.28"]
[Round "3"]
[White "Aluc, Bulut Evrim"]
[Black "Gundogan, Sinem Cagla"]
[Result "0-1"]
[ECO "E76"]
[WhiteElo "1699"]
[BlackElo "2000"]
[Annotator "NA"]
[PlyCount "76"]
[EventType "team-tourn"]
[EventCountry "TUR"]
[SourceTitle "playchess.com"]
[Source "ChessBase"]
[SourceQuality "1"]
[TimeControl "40/5400+30:1800+30"]

1. d4 Nf6 2. c4 g6 3. Nc3 Bg7 4. e4 d6 5. f4 O-O 6. Nf3 Na6 7. Bd3 e5 8. fxe5 dxe5 9. d5 Nc5 10. Be3 Nxd3+ 11. Qxd3 Ng4 12. Bc5 Re8 13. h3 Nh6 14. g4 f5 15. gxf5 Nxf5 16. O-O-O Nd6 17. Be3 b6 18. Rdf1 a5 19. a4 Nb7 20. Qd2 Nc5 21. Kc2 Ba6 22. b3 Qd6 23. Ng5 Re7 24. Rh2 Nxb3 25. Kxb3 Qb4+ 26. Kc2 Bxc4 27. Rb1 Qa3 28. Qc1 Qd6 29. Nb5 Qd7 30. Kd2 Bxd5 31. exd5 Qxd5+ 32. Ke1 e4 33. Nxc7 Qd3 34. Nb5 Be5 35. Re2 Rf8 36. Bf2 e3 37. Rxe3 Bg3 38. Qd1 Rxe3+ 0-1

[Event "Turkey IS Bank Super League 2017"]
[Site "Darica-Kocaeli"]
[Date "2017.07.28"]
[Round "3"]
[White "Sade, Defne"]
[Black "Duran, Esma Doga"]
[Result "1-0"]
[ECO "C06"]
[WhiteElo "1654"]
[BlackElo "1939"]
[Annotator "NA"]
[PlyCount "141"]
[EventType "team-tourn"]
[EventCountry "TUR"]
[SourceTitle "playchess.com"]
[Source "ChessBase"]
[SourceQuality "1"]
[TimeControl "40/5400+30:1800+30"]

1. e4 e6 2. d4 d5 3. Nd2 Nf6 4. e5 Nfd7 5. Bd3 c5 6. c3 Nc6 7. Ne2 cxd4 8. cxd4 f6 9. exf6 Nxf6 10. Nf3 Bd6 11. O-O Qc7 12. Nc3 a6 13. Bd2 O-O 14. Rc1 g6 15. Re1 Nh5 16. Bh6 Rf7 17. Na4 Nf4 18. Ne5 Bxe5 19. dxe5 b6 20. Bb1 Bd7 21. Qd2 Nh5 22. Qe3 Rb8 23. Qa3 Qd8 24. g3 Nd4 25. Re3 Bb5 26. Nc3 Qc7 27. Ne2 Nxe2+ 28. Rxe2 Qb7 29. Rec2 Bc4 30. Qd6 Re8 31. b3 Rd7 32. Qb4 Bd3 33. Rc6 Bxb1 34. Rxb6 Qa7 35. Rxb1 Ng7 36. Bxg7 Kxg7 37. Rc1 d4 38. Rd6 a5 39. Rxd7+ Qxd7 40. Qxa5 Rc8 41. Rxc8 Qxc8 42. Qa7+ Kh6 43. Qxd4 Qc1+ 44. Kg2 Qc6+ 45. Kh3 g5 46. Qd6 Qe8 47. Qd4 Qb5 48. Kg2 Qc6+ 49. f3 Qc2+ 50. Qf2 Qc3 51. Qe2 Kg6 52. b4 Kg7 53. b5 Qd4 54. a4 Qxa4 55. Qb2 g4 56. fxg4 Qxg4 57. h4 Qe4+ 58. Kh2 Qb7 59. b6 h5 60. Qf2 Qc6 61. Qb2 Qb7 62. Kg1 Kh7 63. Qc2+ Kh6 64. Qc1+ Kg6 65. Qg5+ Kh7 66. Qxh5+ Kg7 67. Qg4+ Kf7 68. Qf4+ Kg8 69. Qb4 Qf3 70. Qb2 Qe3+ 71. Kh2 1-0